 Dungeon Crawl Stone Soup version 0.21.1-1-g345015f (webtiles) character file.

521 Econoterrorist the Covert (level 7, -2/28 HPs)
             Began as a Spriggan Enchanter on July 16, 2018.
             Was a Follower of Hepliaklqana.
             Slain by a water moccasin skeleton (4 damage)
             ... on level 4 of the Dungeon.
             The game lasted 00:10:05 (3785 turns).

Econoterrorist the Covert (Spriggan Enchanter)      Turns: 3785, Time: 00:10:06

Health: -2/28      AC:  2    Str:  4    XL:     7   Next: 1%
Magic:  4/16       EV: 18    Int: 24    God:    Hepliaklqana [*.....]
Gold:   150        SH:  0    Dex: 16    Spells: 8/17 levels left

rFire    . . .     SeeInvis +   m - +0 rapier
rCold    . . .     Gourm    .   (shield restricted)
rNeg     . . .     Faith    .   b - +0 robe
rPois    .         Spirit   .   (helmet restricted)
rElec    .         Reflect  .   (no cloak)
rCorr    .         Harm     .   (gloves unavailable)
MR       +....                  (boots unavailable)
Stlth    ++++......             (no amulet)
HPRegen  0.09/turn              (no ring)
MPRegen  0.15/turn              (no ring)

@: brilliant, very quick
A: very small, unfitting armour, reduced essence, see invisible, herbivore,
speed 3, slow metabolism 2
a: Recall Ancestor, Ancestor Identity, Renounce Religion


You were on level 4 of the Dungeon.
You worshipped Hepliaklqana.
Hepliaklqana was aware of your devotion.
You were not hungry.

You visited 1 branch of the dungeon, and saw 4 of its levels.

You collected 150 gold pieces.

Inventory:

Hand Weapons
 a - a +1 dagger
 m - a +0 rapier (weapon)
Armour
 b - a +0 robe (worn)
Wands
 p - a wand of flame (33)
Scrolls
 f - a scroll of magic mapping {unknown}
 g - a scroll of teleportation {unknown}
 h - a scroll of random uselessness {unknown}
 i - 3 scrolls of identify {unknown}
 l - 2 scrolls of noise {unknown}
 o - a scroll of amnesia {unknown}
Potions
 e - a potion of agility {unknown}
 j - a potion of heal wounds {unknown}
 k - a potion of brilliance
 n - a potion of cancellation {unknown}
Books
 c - a book of Maledictions

   Spells                             Type                      Level
   a - Corona                         Hexes                        1
   b - Ensorcelled Hibernation        Hexes/Ice                    2
   c - Confuse                        Hexes                        3
   d - Tukima's Dance                 Hexes                        3
   e - Dazzling Spray                 Conjuration/Hexes            3
Comestibles
 d - 4 rations


   Skills:
 - Level 1.1 Short Blades
 - Level 3.0 Dodging
 - Level 8.2 Stealth
 + Level 5.5 Spellcasting
 - Level 6.3 Hexes


You had 8 spell levels left.
You knew the following spells:

 Your Spells              Type           Power        Failure   Level  Hunger
a - Corona                Hex            ######.      1%          1    None
b - Ensorcelled Hibernat  Hex/Ice        #####.       1%          2    None
c - Confuse               Hex            ######..     1%          3    #......
d - Tukima's Dance        Hex            ######..     1%          3    #......


Dungeon Overview and Level Annotations

Branches:
Dungeon (4/15)
 Temple: D:4-7

Altars:
Hepliaklqana
Nemelex Xobeh
Vehumet


Innate Abilities, Weirdness & Mutations

You are very small and have problems with some larger weapons.
You are too small for most types of armour.
You have supernaturally acute eyesight. (SInv)
You are a herbivore.
You cover ground extremely quickly.
You need consume almost no food.
Your life essence is reduced to manifest your ancestor. (-10% HP)


Message History

Casting: Ensorcelled Hibernation
Confirm with . or Enter, or press ? or * to list all spells.
Aiming: Ensorcelled Hibernation
Press: ? - help, Shift-Dir - straight line, f/p - orc priest
Aim: an orc priest, wielding a flail (moderately wounded, chance to defeat MR: 64%)
The orc priest looks drowsy...
The orc barely misses you.
The helpless orc priest fails to defend itself.
You impale the orc priest!!
You kill the orc priest!
You have reached level 7!
Septimus remembers more of his old skill.
The orc misses you.
The water moccasin skeleton completely misses you.
The orc hits you with a mace.
* * * LOW HITPOINT WARNING * * *
There is a stone staircase leading up, spattered with blood here.
Things that are here:
a flail; an orc corpse The water moccasin skeleton bites you.
You die...

#.## #.# #
#..###(.#
...###..##..######
.>................
#.###..##.######
##..#o###.####
#..#Z#......#
#Zo#.#......#
##.###@.)#.o.)..#
.........(........
..................
........#........#
........#...$....#
....(...#.#......#
.............#..##
..<...........#.#
...........:.. ..


You could see an orc and a water moccasin skeleton.

Vanquished Creatures
  Sigmund (D:2)
  An ogre (D:2)
  2 orc priests
  A centaur skeleton (D:4)
  Natasha (thrice) (D:2)
  Robin (D:2)
  2 adders (D:3)
  2 adder skeletons (D:3)
  A worm (D:3)
  2 dart slugs (D:3)
  A leopard gecko (D:3)
  5 orcs
  8 bats
  A giant cockroach (D:1)
  5 hobgoblins
  3 jackals (D:2)
  7 kobolds
  A quokka (D:3)
  3 ball pythons
  3 frilled lizards
  A giant cockroach zombie (D:3)
  10 goblins
  5 rats
69 creatures vanquished.

Vanquished Creatures (collateral kills)
  A hound skeleton (D:3)
  A rat (D:3)
2 creatures vanquished.

Grand Total: 71 creatures vanquished

Notes
Turn   | Place    | Note
-------+----------+-------------------------------------------
     0 | D:1      | Econoterrorist the Spriggan Enchanter began the quest for the Orb.
     0 | D:1      | Reached XP level 1. HP: 9/9 MP: 5/5
    79 | D:1      | Reached skill level 5 in Stealth
   317 | D:1      | Reached XP level 2. HP: 11/13 MP: 6/6
   366 | D:1      | Learned a level 2 spell: Ensorcelled Hibernation
   690 | D:2      | Noticed an ogre
   715 | D:2      | Killed an ogre
   715 | D:2      | Reached skill level 8 in Stealth
   715 | D:2      | Reached XP level 3. HP: 9/16 MP: 1/8
   715 | D:2      | Reached XP level 4. HP: 12/21 MP: 1/9
   754 | D:2      | Noticed Sigmund
   921 | D:1      | Learned a level 3 spell: Confuse
   941 | D:2      | Killed Sigmund
   941 | D:2      | Reached XP level 5. HP: 24/24 MP: 4/10
  1091 | D:2      | Found a sparkling altar of Nemelex Xobeh.
  1149 | D:2      | Noticed Natasha
  1156 | D:2      | Killed Natasha
  1156 | D:2      | Reached XP level 6. HP: 21/28 MP: 8/11
  1161 | D:2      | Learned a level 3 spell: Tukima's Dance
  1271 | D:2      | Noticed Robin
  1299 | D:2      | Noticed Natasha
  1586 | D:2      | Killed Robin
  1635 | D:2      | Killed Natasha
  1859 | D:2      | Found a radiant altar of Vehumet.
  1895 | D:2      | Noticed Natasha
  2165 | D:2      | Killed Natasha
  2313 | D:2      | Found a hazy altar of Hepliaklqana.
  2328 | D:2      | Became a worshipper of Hepliaklqana the Forgotten
  2585 | D:3      | Found a faded altar of an unknown god.
  3530 | D:3      | Reached skill level 5 in Spellcasting
  3568 | D:3      | Reached * piety under Hepliaklqana
  3783 | D:4      | Reached XP level 7. HP: 5/28 MP: 4/16
  3785 | D:4      | Slain by a water moccasin skeleton

Skill      XL: |  1  2  3  4  5  6 |
---------------+-------------------+-----
Stealth        | 5 8 |  8.2
Hexes          | 6 |  6.3
Spellcasting   | 5 |  5.5
Short Blades   | |  1.1
Dodging        | |  3.0

Action                   |  1- 3 |  4- 6 |  7- 9 || total
-------------------------+-------+-------+-------++-------
Melee: Dagger            |    45 |   103 |       ||   148
       Rapier            |       |    50 |       ||    50
 Cast: Corona            |     3 |       |       ||     3
       Ensorcelled Hiber |     5 |    57 |       ||    62
       Confuse           |       |     2 |       ||     2
Invok: Recall Ancestor   |       |     1 |       ||     1
  Use: Potion            |       |     1 |       ||     1
 Stab: Sleeping          |     6 |    33 |       ||    39
       Confused          |       |     1 |       ||     1
  Eat: Ration            |       |     2 |       ||     2
Armor: Robe              |     6 |    16 |       ||    22
Dodge: Dodged            |    34 |   180 |     2 ||   216
